 Dungeon Crawl Stone Soup version 0.30-a0-859-gf88a04b62d (webtiles) character file.

Game seed: 10591216677649196627

79 BigDaddyOpFi the Trooper (level 4, -12/29 HPs)
             Began as a Gargoyle Fighter on Mar 6, 2023.
             Mangled by a bog body (26 damage)
             ... summoned by a worldbinder
             ... on level 1 of the Abyss.
             The game lasted 00:01:21 (1432 turns).

BigDaddyOpFi the Trooper (Gargoyle Fighter)         Turns: 1432, Time: 00:01:21

Health: -12/29     AC: 13    Str: 21    XL:     4   Next: 37%
Magic:  4/4        EV:  7    Int:  9    God:
Gold:   120        SH:  4    Dex:  9    Spells: 3/3 levels left

rFire   . . .      SeeInvis .    a - +0 war axe
rCold   . . .      Faith    .    c - +0 buckler
rNeg    + . .      Spirit   .    g - +0 chain mail
rPois   ∞          Reflect  .    (no helmet)
rElec   +          Rampage  .    (no cloak)
rCorr   .                        (no gloves)
Will    .....                    (no boots) Stlth
                                 (no amulet)
HPRegen 0.24/turn                (no ring)
MPRegen 0.09/turn                (no ring)

@: mighty
A: sickness immunity, AC +3, negative energy resistance 1, electricity
resistance, torment resistance 1, petrification resistance
a: no special abilities


You were on level 1 of the Abyss.
You visited 1 branch of the dungeon, and saw 2 of its levels.
You visited the Abyss 1 time.

You collected 120 gold pieces.

Inventory:

Hand Weapons
 a - a +0 war axe (weapon)
Armour
 c - a +0 buckler (worn)
 g - a +0 chain mail (worn)
Scrolls
 e - 2 scrolls of identify {unknown}
 f - a scroll of enchant weapon {unknown}
 i - 2 scrolls of immolation {unknown}
 k - 2 scrolls of noise {unknown}
 m - 4 scrolls of amnesia {unknown}
 n - a scroll of vulnerability {unknown}
 o - a scroll of teleportation {unknown}
Potions
 d - a potion of might
 h - 2 potions of curing {unknown}
 j - 2 potions of lignification {unknown}
 l - a potion of haste {unknown}


   Skills:
 + Level 4.0 Fighting
 + Level 2.5 Axes
 + Level 3.9 Armour
 + Level 3.9 Shields


You had 3 spell levels left.
You didn't know any spells.
Your spell library contained the following spells:

 Spells                   Type           Power      Damage    Failure   Level
 Dispel Undead            Necr           0%         3d6       100%        4
 Death Channel            Necr           0%         N/A       100%        6
 Cigotuvi's Dreadful Rot  Necr/Pois/Air  Unusable   N/A       N/A         2

Dungeon Overview and Level Annotations

Branches:
Dungeon (2/15)

Altars:

Annotations:
D:2 Crazy Yiuf


Innate Abilities, Weirdness & Mutations

You are immune to sickness and miasma.
Your stone body is resilient. (AC +3)
You are immune to poison.
You resist negative energy. (rN+)
You are resistant to electric shocks. (rElec)
You are resistant to unholy torment.
You are immune to petrification.


Message History

You resist.
There is an open translucent door here.
You closely miss the swamp drake. You hit the swamp drake.
The swamp drake bites you. The swamp drake barely misses you.
You closely miss the swamp drake.
You hit the swamp drake but do no damage.
The swamp drake bites you but does no damage.
The swamp drake barely misses you.
You closely miss the swamp drake. x2
The swamp drake breathes poison at you.
The noxious blast engulfs you but does no damage.
You resist.
The swamp drake completely misses you. x2
The swamp drake barely misses you.
You barely miss the swamp drake. x2
The swamp drake bites you but does no damage. x2
You slash the swamp drake!
The swamp drake is heavily wounded.
You barely miss the swamp drake. The swamp drake closely misses you.
The swamp drake barely misses you. The swamp drake bites you.
You block the swamp drake's attack.
You slash the swamp drake!
The swamp drake is almost dead.
You closely miss the swamp drake.
The goliath frog disappears in a puff of smoke!
The swamp drake disappears in a puff of smoke! x2
The worldbinder calls forth creatures from the Swamp! x2
You hit the bog body.
The bog body is lightly damaged.
The bog body disappears in a puff of smoke!
The bog body gestures at you while chanting.
You struggle to resist.
You closely miss the bog body.
The bog body is lightly damaged.
The bog body touches you but does no damage.
You barely miss the bog body.
The bog body is lightly damaged.
The bog body touches you but does no damage.
The bog body touches you! The bog body freezes you!!
Ouch! That really hurt!
You die...

♣#####
♣>...#
#...#
#...#
##@##
♣♣n♣
♣x♣♣
♣n♣
♣.n♣
♣♣..
....
.....
.#F
#..


You could see a worldbinder and 3 bog bodies.

Vanquished Creatures
  3 adders (D:2)
  3 worms (D:2)
  A dart slug (D:2)
  4 ball pythons (D:2)
  5 bats
  5 endoplasms
  2 giant cockroaches (D:2)
  6 goblins
  3 hobgoblins (D:1)
  4 kobolds
  A quokka (D:1)
  2 rats (D:1)
39 creatures vanquished.

Notes
Turn   | Place    | Note
-------+----------+-------------------------------------------
     0 | D:1      | BigDaddyOpFi the Gargoyle Fighter began the quest for the
                  | Orb.
     0 | D:1      | Reached XP level 1. HP: 14/14 MP: 1/1
   155 | D:1      | Reached XP level 2. HP: 19/19 MP: 2/2
   915 | D:2      | Reached XP level 3. HP: 21/24 MP: 3/3
  1062 | D:2      | Reached XP level 4. HP: 29/29 MP: 4/4
  1160 | D:2      | Reached skill level 4 in Fighting
  1359 | D:2      | Found a runed translucent door.
  1360 | D:2      | Noticed Crazy Yiuf
  1367 | Abyss:1  | Cast into level 1 of the Abyss (Crazy Yiuf)
  1415 | Abyss:1  | Noticed a worldbinder
  1417 | Abyss:1  | Noticed a goliath frog
  1420 | Abyss:1  | Noticed a goliath frog
  1422 | Abyss:1  | Noticed a swamp drake
  1422 | Abyss:1  | Noticed a swamp drake
  1430 | Abyss:1  | Noticed a bog body
  1430 | Abyss:1  | Noticed a bog body
  1430 | Abyss:1  | Noticed a bog body
  1430 | Abyss:1  | Noticed a bog body
  1432 | Abyss:1  | Mangled by a bog body

Illustrated notes

Levels and vault maps discovered:
D:1:      tekkud_arrival_beachfront_property, layout_basic
D:2:      layout_rooms, uniq_crazy_yiuf_cottage
Abyss:1:  base:
Temple

Skill      XL: |  1  2  3  4 |
---------------+-------------+-----
Axes           | 2 |  2.5
Fighting       | 4 |  4.0
Armour         | |  3.9
Shields        | |  3.9

Action                     |  1- 3 |  4- 6 || total
---------------------------+-------+-------++-------
  Melee: War axe           |    80 |    39 ||   119
    Use: Potion            |       |     2 ||     2
 Armour: Scale mail        |    12 |       ||    12
         Chain mail        |    40 |    27 ||    67
  Dodge: Dodged            |    34 |    14 ||    48
  Block: Buckler           |    19 |    10 ||    29

Table legend: (Time is in decaauts)
 A = Elapsed time spent in this place.
 B = Non-inter-level travel time spent in this place.
 C = Inter-level travel time spent in this place.
 D = Time resting spent in this place.
 E = Time spent auto-exploring this place.
 F = Levels seen in this place.
 G = Mean time per level.
                   A        B        C        D        E       F      G
               +--------+--------+--------+--------+--------+-----+--------+
         Total |   1470 |   1434 |     36 |     27 |   1088 |   3 |  490.0 |
       Dungeon |   1414 |   1378 |     36 |      0 |   1088 |   2 |  707.0 |
         Abyss |     55 |     55 |      0 |     27 |      0 |   1 |   55.0 |
               +--------+--------+--------+--------+--------+-----+--------+

Top non-repeatable levels by time:
     D:1: 930 daAuts
     D:2: 484 daAuts
 Abyss:1: 55 daAuts
